 Dungeon Crawl Stone Soup version 0.15.0-23-gc2b521c (webtiles) character file.

42 Charly the Practitioner (level 3, -25/30 HPs)
             Began as a Deep Dwarf Healer on Sept 7, 2014.
             Was a Believer of Elyvilon.
             Annihilated by an ogre
             ... wielding a +0 giant club
              (30 damage)
             ... on Level 6 of the Dungeon.
             The game lasted 00:18:09 (1199 turns).

Charly the Practitioner (Deep Dwarf Healer)         Turns: 1199, Time: 00:18:10

HP -25/30        AC  6     Str 16      XL: 3   Next: 35%
MP   1/6         EV 12     Int 12      God: Elyvilon [**....]
Gold 128         SH  0     Dex 12      Spells:  0 memorised,  2 levels left

rFire  . . .     SeeInvis +     (no weapon)
rCold  . . .     Clarity  .     a - +1 robe
rNeg   . . .     rCorr    .     (no shield)
rPois  .         rRot     .     (no helmet)
rElec  .         Spirit   .     (no cloak)
SustAb +         Warding  .     (no gloves)
rMut   .         Stasis   .     m - +2 pair of boots
Gourm  .                        j - amulet of rage
MR     .....                    g - ring of see invisible
                                h - ring of sustain abilities

@: non-regenerating, not resistant to hostile enchantments, very unstealthy
A: damage resistance, recharge devices, sense surroundings 1, slow healing 3
a: Device Recharging, Lesser Healing, Lesser Self-Healing, Divine Protection,
Purification, Renounce Religion, Evoke Berserk Rage


You were on level 6 of the Dungeon.
You worshipped Elyvilon.
Elyvilon was pleased with you.
You were not hungry.

You visited 2 branches of the dungeon, and saw 7 of its levels.

You collected 128 gold pieces.

Inventory:

Missiles
 r - 15 poisoned needles
Armour
 a - a +1 robe (worn)
 m - a +2 pair of boots (worn)
Magical devices
 d - a wand of heal wounds (5)
Comestibles
 f - 2 bread rations
Scrolls
 e - 5 scrolls of identify
 i - 4 scrolls of fear {unknown}
 k - a scroll of enchant weapon {unknown}
 n - a scroll of remove curse {unknown}
 p - a scroll of recharging {unknown}
 q - a scroll of teleportation {unknown}
Jewellery
 g - a ring of see invisible (right hand)
 h - a ring of sustain abilities (left hand)
 j - an amulet of rage (around neck)
Potions
 b - 3 potions of curing
 c - 2 potions of heal wounds
 l - a potion of agility
 o - a potion of restore abilities
 s - 2 potions of haste


   Skills:
 - Level 0.8 Fighting
 - Level 2.2 Dodging
 + Level 5.6 Invocations


You had 2 spell levels left.
You didn't know any spells.

Dungeon Overview and Level Annotations

Branches:
Dungeon (6/15)             Temple (1/1) D:6

Altars:
Ashenzari
Cheibriados
Dithmenos
Fedhas
Kikubaaqudgha
Makhleb
Nemelex Xobeh
Okawaru
Sif Muna
Trog
Vehumet
Xom
Yredelemnul
Zin
The Shining One

Shops:
D:5 *


Innate Abilities, Weirdness & Mutations

You are resistant to damage.
You can recharge devices by infusing magical energy.
You passively map a small area around you.
You do not heal naturally.


Message History

Heal: an ogre, wielding a giant club The ogre is completely unfazed by your meager offer of peace.
You feel somewhat more hungry.
Use which ability? (? or * to list)
Press: ? - help, Dir - move target cursor, f/p - ogre Heal: an ogre, wielding a giant club The ogre is completely unfazed by your meager offer of peace.
You feel somewhat more hungry.
Use which ability? (? or * to list)
Press: ? - help, Dir - move target cursor, f/p - ogre Heal: an ogre, wielding a giant club The ogre is completely unfazed by your meager offer of peace.
You feel somewhat more hungry.
Use which ability? (? or * to list)
Press: ? - help, Dir - move target cursor, f/p - ogre Heal: an ogre, wielding a giant club The ogre is completely unfazed by your meager offer of peace.
You feel somewhat more hungry. The ogre hits you with a giant club!!
Ouch! That really hurt!
You die...

. * ** #. #. #.
,#. , #.#######.
, ,* #c#.......
###.O........ ,
, , ,,+...@.# *
** ,
+.###.#####.## *
#......... ,
#.#####..#
,#####.# *, * ,
#.....# *
#.###..## * ,
#...##
#.###.8>8####<##


You could see an ogre and a centaur.

Vanquished Creatures
  An orc (D:3)
  A giant cockroach (D:2)
  A goblin (D:2)
  2 hobgoblins (D:3)
  2 rats
  A rat skeleton (D:5)
8 creatures vanquished.

Vanquished Creatures (others)
  An adder (D:3)
  A giant cockroach (D:1)
  A hobgoblin (D:3)
  3 jackals
  2 giant geckos (D:3)
  4 goblins
  3 rats
15 creatures vanquished.

Grand Total: 23 creatures vanquished

Notes
Turn   | Place    | Note
--------------------------------------------------------------
     0 | D:1      | Charly, the Deep Dwarf Healer, began the quest for the Orb.
     0 | D:1      | Reached XP level 1. HP: 16/16 MP: 2/2
   172 | D:1      | Reached skill level 4 in Invocations
   304 | D:2      | Reached XP level 2. HP: 22/24 MP: 2/4
   331 | D:2      | Found an ancient bone altar of Kikubaaqudgha.
   331 | D:2      | Found a shimmering altar of Xom.
   369 | D:2      | Found a bloodstained altar of Trog.
   481 | D:4      | Noticed an ogre
   856 | D:3      | Reached skill level 5 in Invocations
   873 | D:3      | Reached XP level 3. HP: 7/30 MP: 3/6
   959 | D:5      | Entered Level 5 of the Dungeon
  1033 | D:5      | Found Plosuk's Assorted Antiques.
  1075 | D:5      | Found a shimmering altar of Xom.
  1076 | D:5      | Found a shimmering altar of Xom.
  1076 | D:5      | Found a shimmering altar of Xom.
  1076 | D:5      | Found a shimmering altar of Xom.
  1083 | D:4      | Noticed a scorpion
  1138 | D:6      | Found a staircase to the Ecumenical Temple.
  1141 | Temple   | Entered the Ecumenical Temple
  1194 | D:6      | Noticed a centaur
  1194 | D:6      | Noticed an ogre
  1199 | D:6      | Annihilated by an ogre

Action                   || total
-------------------------++-------
Melee: Unarmed           ||   112
Invok: Lesser Healing    ||    66
       Lesser Self-Heali ||     4
  Use: Scroll            ||     3
  Eat: Bread ration      ||     2
       Beef jerky        ||     1
       Chunk             ||     1
